 Dungeon Crawl Stone Soup version 0.16-a0-1009-g0339a9e (webtiles) character file.

923 Ratboiler the Gouger (level 7, 32/32 HPs)
             Began as a Felid Berserker on Oct 3, 2014.
             Was an Elder of Trog.
             Quit the game on Level 9 of the Dungeon.
             The game lasted 00:34:31 (10129 turns).

Ratboiler the Gouger (Felid Berserker)             Turns: 10129, Time: 00:34:32

HP  32/32        AC  2     Str 13      XL: 7   Next: 84%
MP  12/12        EV 21     Int  9      God: Trog [****..]
Gold 344         SH  0     Dex 18      Spells:  0 memorised,  6 levels left
Lives: 0, deaths: 2

rFire  . . .     SeeInvis +       - Unarmed
rCold  . . .     Clarity  .     (armour unavailable)
rNeg   . . .     rCorr    +     (shield unavailable)
rPois  .         rRot     .     (helmet unavailable)
rElec  .         Spirit   .     (cloak unavailable)
SustAb .         Warding  .     (gloves unavailable)
rMut   .         Stasis   .     (boots unavailable)
Gourm  .                        d - amulet of resist corrosion
MR     +++..                    w - ring of protection from magic
                                y - ring of protection from magic

@: quick, extremely resistant to hostile enchantments, unstealthy
A: paw claws, no armour, no weapons or thrown items, fangs 3, see invisible,
carnivore 3, speed 1, shaggy fur 2, slow metabolism 1, jump 2
a: Jump Attack, Burn Spellbooks, Berserk, Trog's Hand, Brothers in Arms,
Renounce Religion


You were on level 9 of the Dungeon.
You worshipped Trog.
Trog was greatly pleased with you.
You were not hungry.

You visited 1 branch of the dungeon, and saw 9 of its levels.

You collected 509 gold pieces.
You spent 165 gold pieces at shops.

Inventory:

Magical devices
 f - a wand of teleportation (5)
 j - a wand of digging (11)
 k - a wand of slowing (10)
 p - a wand of flame (8)
 s - a wand of random effects (5)
 A - a wand of digging (7)
 F - a wand of flame (10)
Comestibles
 c - 4 meat rations
 i - a slice of pizza
 x - 2 beef jerkies
Scrolls
 a - a scroll of magic mapping
 b - 2 scrolls of amnesia {unknown}
 e - 4 scrolls of remove curse
 g - 2 scrolls of fear {unknown}
 m - 2 scrolls of enchant weapon {unknown}
 n - 4 scrolls of recharging {unknown}
 o - 3 scrolls of teleportation {unknown}
 q - 2 scrolls of brand weapon {unknown}
 B - 2 scrolls of enchant armour {unknown}
 H - a scroll of silence {unknown}
 I - a scroll of immolation {unknown}
 J - a scroll of blinking {unknown}
Jewellery
 d - an amulet of resist corrosion (around neck)
 w - a ring of protection from magic (right paw)
 y - a ring of protection from magic (left paw)
Potions
 h - a potion of invisibility
 l - 2 potions of haste
 r - a potion of curing
 t - a potion of heal wounds
 u - 2 potions of brilliance
 v - a potion of magic
 z - a potion of resistance
 C - 3 potions of restore abilities {unknown}
 D - 2 potions of cancellation {unknown}
 G - a potion of poison {unknown}
Books
 E - a book of Dreams

   Spells                             Type                      Level
   Ensorcelled Hibernation            Hexes/Ice                    2
   Flight                             Charms/Air                   3
   Phase Shift                        Translocation                5
   Shadow Creatures                   Summoning                    5
   Mass Confusion                     Hexes                        6
   Darkness                           Hexes                        7
   Trog disapproves of the use of such an item.


   Skills:
 + Level 4.0 Fighting
 + Level 5.4 Dodging
 - Level 12.9 Unarmed Combat


You had 6 spell levels left.
You didn't know any spells.

Dungeon Overview and Level Annotations

Branches:
Dungeon (9/15)             Temple (0/1) D:7            Lair (0/8) D:8
    Orc: D:9-12

Altars:
Ashenzari
Dithmenos
Kikubaaqudgha
Makhleb
Nemelex Xobeh
Qazlal
Ru
Sif Muna
Trog
The Shining One

Shops:
D:4 *

Annotations:
D:9 Maurice


Innate Abilities, Weirdness & Mutations

You cannot wear armour.
You are incapable of wielding weapons or throwing items.
Your paws have sharp claws.
You have razor-sharp teeth.
You have supernaturally acute eyesight.
You are carnivorous and can eat meat at any time.
You cover ground quickly.
You are covered in thick fur (AC +2).
You have a slow metabolism.
You can jump attack at a medium distance.


Message History

Maurice zaps a wand.
The bolt of lightning hits your two-headed ogre.
The bolt of lightning misses you.
Maurice zaps a wand.
The bolt of lightning hits your two-headed ogre.
Your two-headed ogre dies!
Your two-headed ogre's corpse disappears in a puff of smoke!
The bolt of lightning hits you!
Ouch! That really hurt!
The bolt of lightning misses you.
Use which ability? (? or * to list)
You fail to use your ability.
Maurice zaps a wand.
The bolt of lightning hits you!
You die...
The bolt of lightning misses you.
You are now level 7!
You rejoin the land of the living...
Are you sure you want to abandon this character and quit the game? (Confirm with "yes".)
Okay, then.
Are you sure you want to abandon this character and quit the game? (Confirm with "yes".)

..... . ....## # ..... .....#.#
####### ##. #..#. .....#.#.##
##...... ..... #...
......#..###.......
#...##..######...##.............
...........##..........###.......
#.#.##...........##...# #.......
#.....######...##...###.......
#...........=@.#...........#+# ##
#..............#....#.#.####.# ..
#.........[......%...........# .#
#......###........%.....####.#
.###......##...........#.###
.#.(.(..........#.##...#.#
.#.#.#...)........###..#.#
.#.#.##..####...### #.....
.#.#)##..##.....# ##.#.#


There were no monsters in sight!

Vanquished Creatures
  Grinder (D:3)
  The ghost of hackum the Covered, an average DgFi (D:5)
  Eustachio (D:6)
  A hungry ghost (D:5)
  A hippogriff (D:7)
  An orc warrior (D:8)
  A phantom (D:4)
  A black bear (D:6)
  A sky beast (D:9)
  2 ogres
  A centaur (D:5)
  A big kobold (D:9)
  5 killer bees
  A goliath beetle (D:6)
  4 hounds
  A gnoll shaman (D:6)
  A jelly (D:6)
  2 giant frog skeletons
  4 orc priests
  An iguana (D:5)
  9 orc wizards
  4 worker ants
  Ijyb (D:3)
  A sky beast zombie (D:7)
  Terence (D:3)
  2 gnolls
  13 adders
  2 shadow imps
  6 worms
  4 giant geckos
  3 oozes
  26 orcs
  A bat skeleton (D:4)
  5 giant cockroaches
  20 goblins
  10 hobgoblins
  14 jackals
  13 kobolds
  4 quokkas
  21 bats
  7 giant newts
  A giant spore (D:7)
  A jackal skeleton (D:6)
  A quokka zombie (D:6)
  7 rats
  A rat skeleton (D:6)
  4 ballistomycetes (D:7)
214 creatures vanquished.

Vanquished Creatures (collateral kills)
  A two-headed ogre (D:9)
  2 centaurs (D:6)
  2 orc priests
  An orc wizard (D:9)
  3 gnolls (D:6)
  A shadow imp (D:9)
  An iguana skeleton (D:6)
  3 orcs (D:6)
  2 rats (D:6)
16 creatures vanquished.

Vanquished Creatures (others)
  A two-headed ogre (D:9)
1 creature vanquished.

Grand Total: 231 creatures vanquished

Notes
Turn   | Place    | Note
--------------------------------------------------------------
     0 | D:1      | Ratboiler, the Felid Berserker, began the quest for the Orb.
     0 | D:1      | Reached XP level 1. HP: 10/10 MP: 2/2
   332 | D:1      | Reached XP level 2. HP: 14/14 MP: 3/3
   720 | D:1      | Acquired Trog's second power
   916 | D:1      | Reached XP level 3. HP: 17/17 MP: 5/5
  1005 | D:2      | Found a stormy altar of Qazlal.
  2014 | D:3      | Noticed Ijyb
  2022 | D:3      | Killed Ijyb
  2022 | D:3      | Reached skill level 5 in Unarmed Combat
  2022 | D:3      | Reached XP level 4. HP: 21/21 MP: 7/7
  2049 | D:3      | Noticed Terence
  2062 | D:3      | Found an ancient bone altar of Kikubaaqudgha.
  2062 | D:3      | Noticed Grinder
  2068 | D:3      | HP: 1/21 [adder (5)]
  2401 | D:4      | Reached XP level 5. HP: 8/24 MP: 8/8
  2597 | D:4      | Found Fiam's Assorted Antiques.
  2605 | D:4      | Bought a curved ivory wand for 132 gold pieces
  2605 | D:4      | Bought a scroll labeled CAEBRI NAUTT for 33 gold pieces
  2631 | D:3      | Reached skill level 6 in Unarmed Combat
  3140 | D:3      | Paralysed by Grinder for 5 turns
  3149 | D:3      | Killed Grinder
  3149 | D:3      | Reached skill level 7 in Unarmed Combat
  3149 | D:3      | Gained mutation: You are covered in thick fur (AC +2). [growing up]
  3149 | D:3      | Gained mutation: You can jump attack at a medium distance. [growing up]
  3149 | D:3      | Reached XP level 6. HP: 28/28 MP: 10/10
  3450 | D:3      | Killed Terence
  3723 | D:4      | Noticed a phantom
  3735 | D:4      | Killed a phantom
  3735 | D:4      | Reached skill level 8 in Unarmed Combat
  3735 | D:4      | Reached XP level 7. HP: 25/31 MP: 12/12
  4016 | D:4      | Noticed an ogre
  4020 | D:4      | Found a shattered altar of Ashenzari.
  4028 | D:4      | Killed an ogre
  4472 | D:4      | Reached skill level 9 in Unarmed Combat
  5095 | D:4      | Found a sparkling altar of Nemelex Xobeh.
  5098 | D:4      | Found a glowing golden altar of the Shining One.
  5101 | D:4      | Found a burning altar of Makhleb.
  5111 | D:4      | Found a sacrificial altar of Ru.
  5171 | D:5      | Entered Level 5 of the Dungeon
  5278 | D:5      | Acquired Trog's third power
  5401 | D:5      | Reached XP level 8. HP: 34/34 MP: 13/13
  5577 | D:5      | Found a shadowy altar of Dithmenos.
  5633 | D:5      | Noticed hackum's ghost (average DgFi)
  5668 | D:5      | Killed hackum's ghost
  5668 | D:5      | Reached skill level 10 in Unarmed Combat
  6015 | D:5      | Reached skill level 11 in Unarmed Combat
  6350 | D:5      | Found a deep blue altar of Sif Muna.
  7449 | D:6      | Reached XP level 9. HP: 37/37 MP: 15/15
  7509 | D:6      | Reached skill level 12 in Unarmed Combat
  7837 | D:6      | Noticed a moth of wrath
  7839 | D:6      | Found a bloodstained altar of Trog.
  8104 | D:6      | Noticed Eustachio
  8123 | D:6      | Killed Eustachio
  8488 | D:7      | Found a staircase to the Ecumenical Temple.
  9026 | D:8      | Found a staircase to the Lair.
  9318 | D:8      | Killed from afar by an electric eel
  9319 | D:8      | Reached XP level 8. HP: -8/51 MP: 13/13
  9943 | D:9      | Reached skill level 5 in Dodging
 10114 | D:9      | Noticed a two-headed ogre
 10122 | D:9      | Killed a two-headed ogre
 10124 | D:9      | Noticed Maurice
 10128 | D:9      | Killed from afar by Maurice
 10129 | D:9      | Reached XP level 7. HP: -1/32 MP: 12/12
 10129 | D:9      | Quit the game

Action                   |  1- 3 |  4- 6 |  7- 9 || total
-------------------------+-------+-------+-------++-------
Melee: Unarmed           |    82 |    99 |   329 ||   510
Invok: Berserk           |     8 |    11 |    29 ||    48
       Brothers in Arms  |       |       |     6 ||     6
Evoke: Wand              |     1 |     4 |     1 ||     6
  Use: Scroll            |       |       |     9 ||     9
       Potion            |       |       |     1 ||     1
 Stab: Sleeping          |     5 |       |     2 ||     7
  Eat: Chunk             |    10 |    15 |    41 ||    66
       Royal jelly       |       |       |     1 ||     1
       Pizza             |       |       |     1 ||     1
       Beef jerky        |       |       |     1 ||     1
